AoeStats
← Cuervo

Arena

504362774Analyzed
3v3 RM · 27d ago on Sep 5, 2026· 51m 24s· 6 players
Game mode
Random Map
Map size
Normal (6 player)
Population
200
Speed
Normal
Resources
Standard
Victory
Conquest
Starting age
Dark Age
Ending age
Imperial Age
RankedLock teamsTeams togetherTeam positionsShared explorationLock speedFull tech treeHidden civsTurbo modeCheats
Victory
Defeat
🇦🇷 Byzantines · Argentina
1009
+16
🇦🇷 Romans · Argentina
1006
+16
🇦🇷 Khmer · Argentina
978
+17
🇦🇷 Koreans · Argentina
1024
-17
🇦🇷 Turks · Argentina
998
-16
🇦🇷 Teutons · Argentina
988
-16
DON JULIO
12:33 Feudal Age
16:23 Castle Age
15:16 Double-Bit Axe
15:46 Horse Collar
16:52 Gold Mining
16:55 Stone Mining
17:25 Bow Saw
19:15 Squires
19:53 Heavy Plow
20:04 Man-at-Arms
21:48 Scale Mail Armor
22:11 Loom
23:02 Long Swordsman
24:27 Wheelbarrow
25:47 Chain Mail Armor
28:18 Murder Holes
29:33 Forging
31:15 Iron Casting
34:40 Scale Barding Armor
34:39 Padded Archer Armor
34:29 Fletching
34:06 Elite Skirmisher
38:31 Chain Barding Armor
38:07 Bodkin Arrow
40:54 Imperial Age
38:41 Hand Cart
42:03 Conscription
43:16 Chemistry
42:37 Ballistics
43:03 Gold Shaft Mining
44:27 Elite Centurion
46:07 Onager
48:11 Leather Archer Armor
48:33 Plate Barding Armor
48:27 Crossbowman
51:20 Ring Archer Armor
PAPA FRANCISCO
11:24 Feudal Age
14:12 Castle Age
12:24 Double-Bit Axe
12:36 Horse Collar
16:35 Gold Mining
20:15 Bow Saw
21:25 Heavy Plow
22:15 Town Watch
27:20 Imperial Age
24:38 Loom
25:02 Fletching
27:15 Bodkin Arrow
28:30 Conscription
28:04 Light Cavalry
29:00 Bloodlines
30:33 Chemistry
29:55 Ballistics
30:17 Heavy Scorpion
33:57 Double Crossbow
35:20 Bracer
35:20 Padded Archer Armor
34:50 Hussar
37:58 Forging
37:54 Scale Barding Armor
50:24 Cavalier
51:05 Husbandry
TOMASMILONGA
10:43 Feudal Age
16:20 Castle Age
14:41 Horse Collar
14:47 Double-Bit Axe
15:34 Stone Mining
18:15 Bow Saw
19:42 Fletching
19:55 Padded Archer Armor
21:00 Wheelbarrow
24:22 Leather Archer Armor
25:08 Elite Skirmisher
25:47 Gold Mining
26:20 Loom
26:40 Heavy Plow
30:45 Ballistics
33:38 Husbandry
32:59 Light Cavalry
36:43 Imperial Age
35:47 Scale Barding Armor
35:53 Forging
37:14 Hussar
39:03 Chemistry
38:32 Conscription
40:45 Chain Barding Armor
41:01 Iron Casting
42:06 Conscription
42:27 Bodkin Arrow
43:03 Ring Archer Armor
45:45 Bracer
50:58 Pikeman
Gitu
10:16 Feudal Age
10:42 Double-Bit Axe
10:37 Horse Collar
11:20 Gold Mining
12:39 Wheelbarrow
19:27 Castle Age
24:05 Imperial Age
24:23 Bow Saw
24:32 Heavy Plow
33:33 Hand Cart
37:15 Gold Shaft Mining
43:57 Ballistics
43:18 Treadmill Crane
44:05 Husbandry
44:15 Bloodlines
43:27 Heavy Camel Rider
46:59 Two-Man Saw
46:09 Scale Barding Armor
46:14 Forging
48:50 Chain Barding Armor
49:07 Iron Casting
Cuervo
10:20 Feudal Age
15:01 Castle Age
13:29 Double-Bit Axe
15:11 Loom
16:54 Fletching
19:52 Horse Collar
19:42 Crossbowman
22:39 Heavy Plow
24:13 Gold Mining
24:16 Stone Mining
26:04 Wheelbarrow
26:28 Bodkin Arrow
27:34 Bow Saw
28:36 Thumb Ring
30:03 Hand Cart
35:32 Scale Mail Armor
35:42 Forging
38:58 Imperial Age
37:20 Squires
41:22 Town Watch
41:01 Elite Fire Lancer
44:15 Chemistry
43:21 Siege Engineers
43:57 Iron Casting
CasquetE
5:44 Loom
10:04 Feudal Age
16:04 Castle Age
14:32 Double-Bit Axe
14:49 Horse Collar
15:29 Stone Mining
21:04 Heavy Plow
21:31 Gold Mining
21:38 Fletching
24:07 Town Watch
25:45 Pikeman
26:52 Bodkin Arrow
33:30 Imperial Age
32:01 Ballistics
31:50 Scale Mail Armor
33:45 Heavy Scorpion
35:41 Wheelbarrow
36:11 Chemistry
35:53 Bow Saw
43:06 Bombard Tower
42:18 Halberdier
42:59 Squires
Connection lost

Rejoining the realm…

Still unreachable

The connection could not be restored.

Session expired

The server has moved on; the page needs a fresh start.